Map: [ESL] Moondance

Players

Reaper

  • Race: Zerg Zerg
  • Spawn Location: 6:00

Astrea - Winner!

  • Race: Protoss Protoss
  • Spawn Location: 12:00

Event: DreamHack SC2 Masters 2022 Atlanta (Online)

VOD

Have the link to the VOD?

Description

Time

  • Played on: Oct. 5, 2022, 4:43 p.m.
  • Length: 5:55

All games in this series

Show
View Real Time Build Order
Export as new Build Order

Reaper Zerg 

Build Orders: Hatch First 

Get SALT Encoding   

  12  0:00  Drone  
  13  0:08  Drone  
  14  0:35  Hatchery  
  13  0:43  Extractor  
  12  0:54  Spawning Pool  
  11  0:57  Drone  
  11  1:02  Drone  
  13  1:07  Drone  
  14  1:43  Roach Warren  
  14  1:44  Zergling x2  
  14  1:45  Metabolic Boost  
  14  1:47  Zergling x2  
  14  1:52  Drone x2  
  17  2:04  Overlord  
  17  2:23  Roach x3  
  23  2:33  Zergling x4  
  23  2:35  Zergling x2  
  26  2:50  Queen  
  28  3:04  Overlord  
  25  3:22  Drone x3  
  25  3:25  Zergling x6  
  30  3:33  Ravager x2  
  32  3:36  Overlord  
  32  3:43  Roach  
  32  3:44  Drone  
  35  3:55  Zergling x4  
  35  4:03  Zergling x4  
  32  4:26  Ravager  
  33  4:32  Overlord  
  33  4:38  Roach  
  34  4:45  Overlord  
  34  4:54  Roach  
  36  5:06  Drone x2  
  38  5:17  Drone x2  
  38  5:20  Drone  
  38  5:28  Zergling x2  
  38  5:34  Zergling x2  
Show
View Real Time Build Order
Export as new Build Order

Astrea Protoss - Winner!

Build Orders: 1 Gate Expand 

Get SALT Encoding   

  12  0:00  Probe  
  13  0:12  Probe  
  14  0:17  Pylon  
  14  0:24  Probe (Chrono Boost)  
  16  0:35  Gateway  
  16  0:37  Probe (Chrono Boost)  
  16  0:43  Probe (Chrono Boost)  
  16  0:45  Assimilator  
  17  0:51  Probe  
  18  1:03  Probe  
  19  1:17  Probe  
  20  1:22  Nexus  
  20  1:31  Cybernetics Core  
  20  1:34  Probe  
  21  1:43  Assimilator  
  21  1:47  Probe  
  22  1:55  Pylon  
  22  1:59  Probe  
  23  2:07  Shield Battery, Warp Gate (Chrono Boost)  
  23  2:12  Stalker (Chrono Boost)  
  23  2:13  Probe  
  26  2:25  Gateway  
  26  2:27  Gateway, Pylon  
  26  2:35  Stalker  
  28  2:47  Gateway  
  28  2:55  Pylon  
  28  3:09  Pylon  
  28  3:10  Stalker  
  29  3:26  Pylon  
  29  3:30  Shield Battery  
  29  3:34  Probe  
  30  3:47  Adept  
  30  3:48  Adept  
  34  3:49  Stalker x2  
  36  4:17  Adept x3  
  36  4:18  Adept  
  42  4:25  Pylon  
  42  4:37  Pylon  
  42  4:44  Pylon  
  42  5:03  Adept x2  
  42  5:05  Stalker  
  48  5:09  Twilight Council  
  46  5:43  Stalker x3  
  50  5:54  Pylon  
Tags
 
Add a new tag
Caveats
  • Supply blocks, unpowered buildings, or Contaminate may cause inaccurate times.
  • Supply counts are checked every 10 seconds.